 Dungeon Crawl Stone Soup version 0.17-a0-1562-g9b2c768 (webtiles) character file.

431 namelastname112 the Poker (level 6, -1/52 HPs)
             Began as a Draconian Skald on July 20, 2015.
             Was a Follower of Yredelemnul.
             Slain by a steam dragon (3 damage)
             ... on level 3 of the Dungeon.
             The game lasted 00:06:35 (3530 turns).

namelastname112 the Poker (Draconian Skald)         Turns: 3530, Time: 00:06:36

Health: -1/52      AC:  6    Str: 14    XL:     6   Next: 66%
Magic:  9/9        EV: 13    Int: 17    God:    Yredelemnul [*.....]
Gold:   61         SH:  0    Dex: 13    Spells: 1 memorised, 8 levels left

rFire  . . .     SeeInvis .     a - +0 spear
rCold  . . .     Clarity  .     (armour unavailable)
rNeg   . . .     SustAt   .     (no shield)
rPois  .         Gourm    .     (helmet restricted)
rElec  .         Spirit   .     (no cloak)
rCorr  .         Warding  .     (no gloves)
rMut   .         Stasis   .     (no boots)
MR     .....                    u - amulet of rage
Stlth  +.........               (no ring)
                                (no ring)

@: brilliant, not resistant to hostile enchantments, very unstealthy
A: unfitting armour, cold-blooded, AC +6
a: Animate Remains, Renounce Religion, Evoke Berserk Rage


You were on level 3 of the Dungeon.
You worshipped Yredelemnul.
Yredelemnul was aware of your devotion.
You were hungry.

You visited 1 branch of the dungeon, and saw 4 of its levels.

You collected 61 gold pieces.

Inventory:

Hand weapons
 a - a +0 spear (weapon)
 r - a +0 blowgun
Missiles
 s - 19 poisoned needles
Jewellery
 u - an amulet of rage (around neck)
Magical devices
 c - a wand of hasting (4)
Scrolls
 e - 4 scrolls of identify {unknown}
 h - 2 scrolls of remove curse {unknown}
 j - a scroll of immolation {unknown}
 l - a scroll of recharging {unknown}
 n - a scroll of fog {unknown}
 p - a scroll of random uselessness {unknown}
 w - a scroll of blinking {unknown}
Potions
 g - a potion of brilliance
 i - a potion of ambrosia {unknown}
 k - a potion of curing {unknown}
 q - 2 potions of flight {unknown}
 t - 2 potions of resistance {unknown}
 v - a potion of beneficial mutation {unknown}
Books
 b - a book of Battle

   Spells                             Type                      Level
   a - Infusion                       Charms                       1
   b - Shroud of Golubria             Charms/Translocation         2
   c - Song of Slaying                Charms                       2
   d - Spectral Weapon                Hexes/Charms                 3
   e - Regeneration                   Charms/Necromancy            3
Comestibles
 d - 2 fruits
 f - 3 royal jellies
 m - 2 beef jerkies
 o - a meat ration


   Skills:
 + Level 4.1 Fighting
 * Level 4.6 Polearms
 + Level 2.4 Throwing
 + Level 2.9 Dodging
 - Level 2.0 Spellcasting
 - Level 2.6 Charms
 + Level 0.9 Invocations


You had 8 spell levels left.
You knew the following spells:

 Your Spells              Type           Power        Failure   Level  Hunger
a - Infusion              Chrm           ###...       1%          1    #......


Dungeon Overview and Level Annotations

Branches:
Dungeon (4/15)
 Temple: D:4-7

Altars:
Yredelemnul


Innate Abilities, Weirdness & Mutations

Your plain brown scales are hard (AC +6).
Your body does not fit into most forms of armour.
You are cold-blooded and may be slowed by cold attacks.


Message History

You closely miss the orc.
You are engulfed in a cloud of scalding steam.
* * * LOW HITPOINT WARNING * * *
Your ball python zombie barely misses the steam dragon.
Your rat zombie bites the steam dragon but does no damage.
Your giant frog zombie hits the steam dragon!
The steam dragon closely misses you. x2
The orc hits you with a club.
* * * LOW HITPOINT WARNING * * *
Your ball python zombie closely misses the steam dragon.
Your giant frog zombie closely misses the steam dragon.
Your rat zombie bites the steam dragon but does no damage.
Unknown command.
Drink which item? (? for menu, Esc to quit)
It was a potion of brilliance.
You feel clever all of a sudden.
Your giant frog zombie hits the steam dragon but does no damage.
The orc misses you. The steam dragon bites you.
You die...
Your body rises from the dead as a mindless zombie.

..#.#........#.#...........###
..#.##.....#.#.###...........#
....###.####.#...#..#........#
....###)# #.###.#.#_#.....###
....#...# #.##.....#()#..##
..##..### #.#.........#..#
..##.## #.#.>ZZ.(#######
..##.# #.#.ZD#.## .....#
#.#.o@#.# #....# #....##)#
..##.# #####.#####.#
.###.###.....# #..#
(###.#...###.# #..##
.>.....#####.# #...#####
#)#.......##.## #.#.....##
...†..........# #........#
##.........#..# #))......#


You could see a steam dragon, an orc, a friendly ball python zombie, a friendly
rat zombie and a friendly giant frog zombie.

Vanquished Creatures
  Sigmund (D:3)
  A giant frog (D:3)
  Ijyb (D:3)
  Jessica (D:3)
  An orc wizard (D:3)
  6 adders
  2 worms
  5 orcs
  9 bats
  8 goblins
  6 hobgoblins
  8 jackals
  5 kobolds
  3 giant cockroaches
  4 giant geckos
  4 giant newts
  7 rats
72 creatures vanquished.

Vanquished Creatures (collateral kills)
  A ball python (D:3)
  A hobgoblin (D:3)
  A kobold (D:3)
3 creatures vanquished.

Vanquished Creatures (others)
  A giant gecko zombie (D:3)
1 creature vanquished.

Grand Total: 76 creatures vanquished

Notes
Turn   | Place    | Note
--------------------------------------------------------------
     0 | D:1      | namelastname112 the Draconian Skald began the quest for the Orb.
     0 | D:1      | Reached XP level 1. HP: 17/17 MP: 3/3
   435 | D:1      | Reached XP level 2. HP: 12/24 MP: 5/5
  1092 | D:2      | Reached skill level 1 in Throwing
  1092 | D:2      | Reached XP level 3. HP: 10/30 MP: 6/6
  1592 | D:2      | Reached skill level 3 in Polearms
  2256 | D:2      | Reached XP level 4. HP: 36/38 MP: 7/7
  2797 | D:3      | Noticed Sigmund
  2819 | D:3      | Killed Sigmund
  2819 | D:3      | Reached skill level 4 in Polearms
  2819 | D:3      | Reached XP level 5. HP: 26/46 MP: 8/8
  2969 | D:3      | Noticed Jessica
  2980 | D:3      | Killed Jessica
  2980 | D:3      | Reached XP level 6. HP: 38/52 MP: 9/9
  3027 | D:3      | Found a faded altar to an unknown god.
  3068 | D:3      | Became a worshipper of Yredelemnul the Dark
  3068 | D:3      | Acquired Yredelemnul's first power
  3144 | D:3      | Noticed Ijyb
  3151 | D:3      | Noticed a giant frog
  3176 | D:3      | Killed Ijyb
  3184 | D:3      | Killed a giant frog
  3518 | D:4      | Noticed a steam dragon
  3529 | D:3      | HP: 2/52 [orc/club (4)]
  3530 | D:3      | Slain by a steam dragon

Vault maps used:
D:1:      zelgadis_glass_arrival_small, minmay_fountain_box
D:2:      grunt_ministairs_1, minmay_liquid_box, lemuel_another_geyser
D:3:      ecumenical_altar_1, uniq_sigmund, uniq_iyjb, uniq_jessica
D:4:      gammafunk_temple_overflow_statue, first_bread, bloody_makhleb,
          uniq_duvessa, uniq_robin, uniq_grinder

Action                   |  1- 3 |  4- 6 || total
-------------------------+-------+-------++-------
Melee: Spear             |   182 |   163 ||   345
 Fire: Blowgun           |       |     7 ||     7
 Cast: Infusion          |       |     1 ||     1
Invok: Animate Remains   |       |     4 ||     4
  Use: Potion            |       |     1 ||     1
 Stab: Sleeping          |     2 |     1 ||     3
       Distracted        |       |     1 ||     1
  Eat: Bread ration      |     1 |       ||     1
       Chunk             |       |     4 ||     4
